 Dungeon Crawl Stone Soup version 0.01-2115-ge649c80b0b (webtiles) character file.

Game seed: 1203087575248680838, levelgen mode: deterministic

5573 Lanoc the Spear-Bearer (level 10, -3/82 HPs) Merfolk Demonspawn. Began on June 9, 2020. Was an Elder of Fedhas. Killed from afar by an electric eel (12 damage) ... with a bolt of electricity ... on level 5 of the Dungeon. The game lasted 00:13:11 (4638 turns).

Lanoc the Spear-Bearer (Merfolk Demonspawn)         Turns: 4638, Time: 00:13:12

Health: -3/82      AC:  6    Str: 14    XL:     10 ^: 1265
Magic:  17/17      EV: 19    Int: 11    God:    Fedhas [****.. (102)]
Gold:   89         SH:  0    Dex: 18    Spells: 12/13 levels left

rFire    . . .     Vision   .   a - +0 trident
rCold    . . .     Gourm    .   c - +2 spear (venom)
rNeg     . . .     Faith    .   b - +0 leather armour
rPois    .         Spirit   .   f - +1 hat
rElec    .         Reflect  .   (no cloak)
rCorr    .         Harm     .   (no gloves)
MR       .....                  (no boots)
Stlth    ++........             (no amulet)
HPRegen  0.37/turn              (no ring)
MPRegen  0.27/turn              (no ring)

@: no status effects
A: change form in water, swift swim, stealthy swim, horns 1, rugged brown scales
2, demonic guardian 1, powered by pain 2
a: Fungal Bloom, Sunlight, Evolution, Growth, Reproduction, Renounce Religion


You were on level 5 of the Dungeon.
You worshipped Fedhas.
Fedhas was greatly pleased with you.
You were not hungry.

You visited 2 branches of the dungeon, and saw 6 of its levels.

You collected 239 gold pieces.
You spent 150 gold pieces at shops.

Inventory:

Weapons
 a - a +0 trident (weapon)
 c - a +2 spear of venom (weapon)
 i - a +0 scythe
Armour
 b - a +0 leather armour (worn)
 f - a +1 hat (worn)
Wands
 q - a wand of random effects (18)
Scrolls
 e - 5 scrolls of teleportation
 g - 3 scrolls of enchantment
 n - a scroll of blinking
 o - 3 scrolls of magic mapping
 p - a scroll of fear
 r - 2 scrolls of immolation
 s - 2 scrolls of amnesia
Potions
 h - a potion of invisibility
 j - a potion of lignification
 k - a potion of agility
 l - 2 potions of curing
 m - 3 potions of brilliance
 u - 2 potions of mutation
 v - 2 potions of heal wounds
Comestibles
 d - 9 rations


   Skills:
 + Level 7.4 Fighting
 * Level 12.1 Polearms
 + Level 9.5 Dodging
 - Level 2.1 Stealth
 - Level 2.0 Spellcasting
 + Level 9.5 Invocations


You had 12 spell levels left.
You knew the following spells:

 Your Spells              Type           Power        Failure   Level  Hunger
a - Flame Tongue          Fire           1 (40)       32%         1    ##.....

Your spell library contained the following spells:

 Spells                   Type           Power        Failure   Level  Hunger
 Blink                    Tloc           N/A          43%         2    ###....
 Call Imp                 Summ           1 (100)      43%         2    ###....
 Slow                     Hex            1 (100)      43%         2    ###....
 Conjure Flame            Fire           1 (100)      67%         3    ####...
 Mephitic Cloud           Pois/Air       1 (100)      67%         3    ####...


Dungeon Overview and Level Annotations

Branches:
Dungeon (5/8)              Temple (1/1) D:4            Lair (0/6) D:5

Altars:
Ashenzari
Cheibriados
Fedhas
Kikubaaqudgha
Makhleb
Ru
Xom
Zin

Shops:
D:3 [   D:5 !

Annotations:
D:5 1 runed translucent door


Innate Abilities, Weirdness & Mutations

You revert to your normal form in water.
You are very nimble and swift while swimming.
You are very stealthy in the water. (Stealth+)
You have a pair of small horns on your head.
You are mostly covered in rugged brown scales. (AC +2, +5% HP)
A weak demonic guardian rushes to your aid.
You sometimes gain power by taking damage.


Message History

Your ufetubus hits the orc (2).
Your ufetubus closely misses the orc (0).
Your ufetubus barely misses the orc (0).
The electric eel shoots out a bolt of lightning at you!
The bolt of electricity hits your ufetubus (8)!
Your ufetubus dies!
The bolt of electricity misses you.
The electric eel shoots out a bolt of lightning at you!
The bolt of electricity hits you (7)!
The electric eel shoots out a bolt of lightning at you!
The bolt of electricity hits you (7)!
* * * LOW HITPOINT WARNING * * *
The electric eel shoots out a bolt of lightning at you!
The bolt of electricity hits you (10)!
* * * LOW HITPOINT WARNING * * *
Unknown command.
The electric eel shoots out a bolt of lightning at you!
The bolt of electricity hits you (12)!
You die...
Fedhas appreciates your contribution to the ecosystem.

.. ######## ..# #......##...#
#........ ... #......##...#
######### #........
##.......###O....... #####
#................≈.. ≈.≈. ....#
#.........@o......≈≈ ≈.≈≈
....###...........#...≈≈.≈ ≈.≈≈
..........†.............;≈ .≈≈≈≈
#.........####........≈..≈ .≈≈≈y
#.......†.# #......#..;;≈ .≈≈≈≈
#.........####......'..;≈≈ .≈≈≈≈
#.........#........##.≈≈≈≈≈≈...≈≈
#.........#..........≈≈ ≈≈;..≈.≈≈
#.........#..........≈ ;≈≈.....F


You could see a two-headed ogre, 2 electric eels and an orc.

Vanquished Creatures
  Pikel (D:2)
  A hornet (D:5)
  Sigmund (D:2)
  A wyvern (D:5)
  4 yaks (D:5)
  A hungry ghost (D:5)
  A necrophage (D:5)
  A water moccasin (D:5)
  A phantom (D:4)
  2 ice beasts
  3 sky beasts (D:5)
  2 slaves (D:2)
  An ogre (D:5)
  2 wolves (D:5)
  2 big kobolds (D:2)
  4 bullfrogs
  4 centaurs
  4 scorpions (D:5)
  8 killer bees
  A wight (D:5)
  A hornet zombie (D:5)
  2 crimson imps
  3 jellies
  8 hounds
  2 orc priests (D:3)
  4 orc wizards
  An iguana (D:5)
  4 worker ants
  A water moccasin skeleton (D:5)
  2 wyvern zombies (D:4)
  A wyvern skeleton (D:4)
  A bullfrog zombie (D:4)
  2 porcupine skeletons (D:5)
  6 bullfrog skeletons
  A shadow imp (D:4)
  7 adders
  23 sewer rats (D:2)
  A white imp (D:4)
  4 cinder newts (D:2)
  A worm (D:2)
  2 oozes (D:2)
  3 howler monkey skeletons (D:5)
  4 hound skeletons (D:5)
  3 dart slugs (D:1)
  7 leopard geckos
  15 orcs
  3 adder skeletons (D:5)
  7 giant cockroaches
  6 goblins (D:1)
  A quokka (D:4)
  2 ball pythons (D:2)
  6 bats
  2 bat skeletons (D:2)
  10 kobolds
  A leopard gecko skeleton (D:5)
  3 rats (D:1)
  2 butterflies (D:4)
197 creatures vanquished.

Vanquished Creatures (collateral kills)
  A slime creature (D:5)
  A hippogriff (D:5)
  A yak (D:5)
  A slave (D:2)
  A scorpion (D:5)
  A killer bee (D:5)
  A mummy (D:5)
  A sewer rat (D:2)
  A worm (D:2)
  A kobold (D:2)
10 creatures vanquished.

Vanquished Creatures (others)
  A giant cockroach (D:2)
  10 toadstools (D:2)
  6 withered plants (D:2)
17 creatures vanquished.

Grand Total: 224 creatures vanquished

Notes
Turn   | Place    | Note
-------+----------+-------------------------------------------
     0 | D:1      | Lanoc the Merfolk Demonspawn began the quest for the Orb.
     0 | D:1      | Reached XP level 1. HP: 16/16 MP: 3/3
    60 | D:1      | Reached skill level 3 in Polearms
    71 | D:1      | Gained mutation: You have a pair of small horns on your
                  | head. [demonic ancestry]
    71 | D:1      | Reached XP level 2. HP: 23/23 MP: 5/5
   258 | D:1      | Gained mutation: You sometimes gain a little power by
                  | taking damage. [demonic ancestry]
   258 | D:1      | Reached XP level 3. HP: 28/28 MP: 6/6
   315 | D:2      | Reached skill level 4 in Polearms
   317 | D:2      | Gained mutation: A weak demonic guardian rushes to your
                  | aid. [demonic ancestry]
   317 | D:2      | Reached XP level 4. HP: 26/34 MP: 7/7
   354 | D:2      | Reached XP level 5. HP: 18/41 MP: 6/8
   415 | D:2      | Reached skill level 5 in Polearms
   415 | D:2      | Reached skill level 5 in Dodging
   506 | D:2      | Gained mutation: You are partially covered in rugged brown
                  | scales. (AC +1, +3% HP) [demonic ancestry]
   506 | D:2      | Reached XP level 6. HP: 39/48 MP: 9/9
   559 | D:2      | Noticed Sigmund
   583 | D:2      | Found a blossoming altar of Fedhas.
   603 | D:2      | Reached skill level 6 in Polearms
   605 | D:2      | Became a worshipper of Fedhas Madash
   647 | D:2      | Killed Sigmund
   647 | D:2      | Reached XP level 7. HP: 39/55 MP: 10/10
   678 | D:2      | Reached skill level 7 in Polearms
   710 | D:2      | Reached * piety under Fedhas
   799 | D:2      | Noticed Pikel
   820 | D:2      | Killed Pikel
   820 | D:2      | Reached skill level 5 in Fighting
   820 | D:2      | Reached skill level 8 in Polearms
   820 | D:2      | Reached skill level 5 in Invocations
   820 | D:2      | Gained mutation: You sometimes gain power by taking damage.
                  | [demonic ancestry]
   820 | D:2      | Reached XP level 8. HP: 56/63 MP: 10/12
   924 | D:2      | Reached ** piety under Fedhas
  1691 | D:3      | Found a sacrificial altar of Ru.
  1805 | D:3      | Found a glowing silver altar of Zin.
  1805 | D:3      | Found a burning altar of Makhleb.
  1806 | D:3      | Noticed a balrug
  1806 | D:3      | Noticed an angel
  1903 | D:3      | Found a snail-covered altar of Cheibriados.
  2125 | D:3      | Reached skill level 9 in Polearms
  2224 | D:3      | Found Yqeat's Antique Armour Shoppe.
  2457 | D:4      | Gained mutation: You are mostly covered in rugged brown
                  | scales. (AC +2, +5% HP) [demonic ancestry]
  2457 | D:4      | Reached XP level 9. HP: 64/71 MP: 13/13
  2522 | D:4      | Found an ancient bone altar of Kikubaaqudgha.
  2761 | D:4      | Reached *** piety under Fedhas
  2805 | D:4      | Found a staircase to the Ecumenical Temple.
  2814 | Temple   | Entered the Ecumenical Temple
  2963 | D:4      | Reached skill level 10 in Polearms
  3186 | D:5      | Entered Level 5 of the Dungeon
  3215 | D:5      | Noticed a boulder beetle
  3330 | D:5      | Found a staircase to the Lair.
  3537 | D:5      | Reached skill level 11 in Polearms
  3537 | D:5      | Reached XP level 10. HP: 46/80 MP: 16/16
  3790 | D:5      | Found a glowing silver altar of Zin.
  3815 | D:5      | Found a runed translucent door.
  4395 | D:5      | Reached **** piety under Fedhas
  4539 | D:5      | Found Tess's Distillery.
  4549 | D:5      | Bought a potion of heal wounds for 75 gold pieces
  4549 | D:5      | Bought a potion of heal wounds for 75 gold pieces
  4595 | D:5      | Reached skill level 12 in Polearms
  4632 | D:5      | Noticed a two-headed ogre
  4638 | D:5      | Killed from afar by an electric eel

Levels and vault maps discovered:
D:1:      kennysheep_arrival_seaside, layout_cave_pools, minmay_bisected
D:2:      layout_sewer, fedhas_bush_and_centaur_altar, first_ration,
          uniq_sigmund, uniq_pikel
D:3:      layout_loops_corners, grunt_temple_overflow_order_and_chaos_2,
          lemuel_doored_altar, nicolae_ru_awakened_eye, serial_shops,
          nicolae_shop_trees
D:4:      layout_gridville, grunt_temple_overflow_magic_moments,
          minmay_temple_entry_slanted
D:5:      layout_basic, erik_lair_island, serial_shops, kennysheep_little_box,
          special_room [special_room_orc], basic_altar, enter_ossuary_5,
          bcadren_nooodl_food_pyramid
Temple:   compressed_dpeg_triangle_lava_temple

Skill      XL: |  1  2  3  4  5  6  7  8  9 10 |
---------------+-------------------------------+-----
Polearms       | 3 4 5 6 8 9 11 12 | 12.1
Fighting       | 3 4 5 6 7 |  7.4
Dodging        | 5 6 7 8 9 |  9.5
Invocations    | 5 6 8 9 |  9.5
Stealth        | |  2.1
Spellcasting   | |  2.0

Action                   |  1- 3 |  4- 6 |  7- 9 | 10-12 || total
-------------------------+-------+-------+-------+-------++-------
Melee: Trident           |    35 |    79 |   274 |   131 ||   519
       Spear             |    27 |    70 |   226 |   116 ||   439
       Headbutt          |     5 |    22 |    62 |    32 ||   121
       Tailslap          |       |    11 |     7 |       ||    18
 Cast: Flame Tongue      |       |     2 |       |       ||     2
Invok: Fungal Bloom      |       |     1 |       |       ||     1
  Use: Scroll            |       |       |       |     1 ||     1
 Stab: Sleeping          |     4 |     3 |    11 |     5 ||    23
       Distracted        |       |     2 |     2 |     2 ||     6
  Eat: Chunk             |       |       |     9 |     5 ||    14
Armor: Leather armour    |     3 |     6 |    41 |    36 ||    86
Dodge: Dodged            |     9 |   100 |   165 |    93 ||   367
